 Dungeon Crawl Stone Soup version 0.26.1-2-gb8aa6d0cf2 (webtiles) character file.

Game seed: 11539604206547376644

129 nightchill the Skirmisher (level 5, -2/42 HPs)
             Began as a Formicid Abyssal Knight on Feb 11, 2021.
             Was a Believer of Lugonu.
             Slain by an orc
             ... wielding a +1 vorpal flail
              (7 damage)
             ... on level 3 of the Dungeon.
             The game lasted 00:04:13 (2324 turns).

nightchill the Skirmisher (Formicid Abyssal Knight) Turns: 2324, Time: 00:04:14

Health: -2/42      AC: 10    Str: 18    XL:     5   Next: 35%
Magic:  7/7        EV:  7    Int: 11    God:    Lugonu [**....]
Gold:   105        SH:  0    Dex: 10    Spells: 4/4 levels left

rFire    . . .     SeeInvis +   a - +1 falchion
rCold    . . .     Faith    .   (no shield)
rNeg     . . .     Spirit   .   f - +0 chain mail
rPois    .         Reflect  .   (helmet unavailable)
rElec    .         Harm     .   (no cloak)
rCorr    .         Rampage  .   k - +0 pair of gloves (curse)
Will     .....                  q - +0 pair of boots (curse)
Stlth    ..........             (no amulet)
HPRegen  0.14/turn              (no ring)
MPRegen  0.10/turn              (no ring)

@: no status effects
A: permanent stasis, dig shafts and tunnels, four strong arms, antennae 3
a: Dig, Shaft Self, Renounce Religion, Depart the Abyss, Bend Space


You were on level 3 of the Dungeon.
You worshipped Lugonu.
Lugonu was pleased with you.
You visited 1 branch of the dungeon, and saw 3 of its levels.
You visited the Abyss 1 time.

You collected 105 gold pieces.

Inventory:

Hand Weapons
 a - a +1 falchion (weapon)
Missiles
 c - 66 stones
Armour
 f - a +0 chain mail (worn)
 k - a cursed +0 pair of gloves (worn)
 q - a cursed +0 pair of boots (worn)
Jewellery
 m - an uncursed ring of wizardry {unknown}
Wands
 s - a wand of polymorph (8)
Scrolls
 b - 2 scrolls of enchant weapon {unknown}
 d - 4 scrolls of remove curse {unknown}
 e - a scroll of magic mapping {unknown}
 h - a scroll of amnesia {unknown}
 i - 4 scrolls of identify {unknown}
 j - a scroll of fog {unknown}
 l - a scroll of immolation {unknown}
 p - a scroll of enchant armour {unknown}
Potions
 g - 3 potions of brilliance {unknown}
 n - a potion of lignification {unknown}
 o - a potion of curing {unknown}
 r - a potion of flight {unknown}
 t - a potion of mutation {unknown}
 u - 2 potions of cancellation {unknown}


   Skills:
 + Level 4.1 Fighting
 * Level 3.9 Long Blades
 - Level 2.1 Armour
 - Level 0.8 Dodging
 + Level 3.5 Invocations


You had 4 spell levels left.
You didn't know any spells.
Your spell library was empty.

Dungeon Overview and Level Annotations

Branches:
Dungeon (3/15)

Altars:
Vehumet


Innate Abilities, Weirdness & Mutations

You cannot be hasted, slowed, berserked, paralysed or teleported.
You can dig through walls and to a lower floor.
Your four strong arms can wield two-handed weapons with a shield.
You have a pair of large antennae on your head. (SInv)


Message History

The magic dart hits you.
* * * LOW HITPOINT WARNING * * *
You hit the orc wizard but do no damage.
The orc wizard is heavily wounded.
The orc closely misses you.
The orc wizard casts a spell.
The orc wizard blinks!
You hit the orc.
The orc is almost dead.
The orc hits you but does no damage.
You hit the orc but do no damage.
The orc is almost dead.
The orc wizard mumbles some strange words.
The orc wizard blinks!
The orc hits you but does no damage.
You hit the orc but do no damage.
The orc is almost dead.
The orc wizard casts a spell at you.
Your stasis prevents you from being slowed.
The orc hits you with a +1 vorpal flail!
You die...

...).#..##.#.###.#.##.###
####....###.####.#.# #
#....#.....##.#.# .#
##....#.###.##.#.##.##
...<....# #.#....o....
.##..#.#.###...#......#
#..#.#.....#....#....
#..#................#
.............@.....#
####.########o####.# #.
#ยง# .. #.# . ## #.# #.#
..# ## ### .. # #.


You could see an orc wizard and an orc.

Vanquished Creatures
  An orc priest (D:3)
  Terence (D:3)
  An adder (D:2)
  An ooze (D:1)
  A dart slug (D:2)
  A leopard gecko (D:1)
  4 orcs (D:3)
  4 giant cockroaches
  2 goblins (D:2)
  7 hobgoblins
  4 jackals (D:2)
  11 kobolds
  A quokka (D:2)
  8 bats
  2 frilled lizards
  4 rats
53 creatures vanquished.

Notes
Turn   | Place    | Note
-------+----------+-------------------------------------------
     0 | Abyss:1  | nightchill the Formicid Abyssal Knight began the quest for
                  | the Orb.
     0 | Abyss:1  | Reached XP level 1. HP: 18/18 MP: 2/2
     7 | Abyss:1  | Noticed a flying skull
     8 | Abyss:1  | Noticed a flying skull
    10 | D:1      | Escaped the Abyss
   361 | D:1      | Reached XP level 2. HP: 21/24 MP: 3/3
   616 | D:1      | Reached XP level 3. HP: 29/29 MP: 4/4
  1276 | D:2      | Reached ** piety under Lugonu
  1421 | D:2      | Found a radiant altar of Vehumet.
  1463 | D:2      | Reached XP level 4. HP: 37/37 MP: 6/6
  1963 | D:3      | Noticed Terence
  1987 | D:3      | Killed Terence
  2017 | D:3      | Reached skill level 4 in Fighting
  2130 | D:3      | Reached XP level 5. HP: 19/42 MP: 7/7
  2324 | D:3      | Slain by an orc

Illustrated notes

Levels and vault maps discovered:
D:1:      shiori_arrival_elements, layout_loops_ring
D:2:      layout_basic, lemuel_crystal_altar, minmay_misc_feat_plants
D:3:      layout_loops_ring, fedhas_altar_4, uniq_terence

Skill      XL: |  1  2  3  4 |
---------------+-------------+-----
Long Blades    | 3 |  3.9
Invocations    | 3 |  3.5
Fighting       | 4 |  4.1
Armour         | |  2.1
Dodging        | |  0.8

Action                   |  1- 3 |  4- 6 || total
-------------------------+-------+-------++-------
Melee: Falchion          |    85 |   106 ||   191
Armor: Leather armour    |     5 |       ||     5
       Chain mail        |    39 |    61 ||   100
Dodge: Dodged            |    37 |    44 ||    81
       Rpst.: Falchion   |    15 |    11 ||    26
